 Dungeon Crawl Stone Soup version 0.18.1-48-g4cf74bf (webtiles) character file.

228 MistressOfTheDunes the Insei (level 5, 32/41 HPs)
             Began as a Mummy Monk on July 19, 2016.
             Quit the game on level 4 of the Dungeon.
             The game lasted 00:05:13 (4500 turns).

MistressOfTheDunes the Insei (Mummy Monk)           Turns: 4500, Time: 00:05:14

Health: 32/41      AC:  2    Str: 14    XL:     5   Next: 70%
Magic:  5/5        EV: 14    Int: 10    God:
Gold:   119        SH:  0    Dex: 15    Spells: 0 memorised, 4 levels left

rFire  x . .     SeeInvis .       - Unarmed
rCold  + . .     Gourm    .     (no armour)
rNeg   + + +     Faith    .     (no shield)
rPois  ∞         Spirit   .     d - +1 hat
rElec  .         Dismiss  .     (no cloak)
rCorr  .         Reflect  .     (no gloves)
SustAt .         Harm     .     c - +0 pair of boots
MR     .....                    (no amulet)
Stlth  ++........               (no ring)
                                (no ring)

@: not resistant to hostile enchantments, unstealthy
A: no food or potions, fire vulnerability, cold resistance 1, negative energy
resistance 3, torment resistance, unbreathing
a: no special abilities


You were on level 4 of the Dungeon.
You were not hungry.

You visited 2 branches of the dungeon, and saw 6 of its levels.

You collected 119 gold pieces.


Innate Abilities, Weirdness & Mutations

You do not eat or drink.
Your flesh is vulnerable to fire.
You are immune to poison.
Your flesh is cold resistant.
You are immune to negative energy.
You are immune to unholy pain and torment.
You can survive without breathing.


   Skills:
 - Level 3.0 Fighting
 + Level 3.6 Dodging
 - Level 1.5 Stealth
 - Level 5.1 Unarmed Combat


You had 4 spell levels left.
You didn't know any spells.

Inventory:

Armour
 a - a +0 shield
 c - a +0 pair of boots (worn)
 d - a +1 hat (worn)
Jewellery
 i - a cursed amulet of inaccuracy {unknown}
Scrolls
 b - 3 scrolls of identify {@r1}
 e - a scroll of teleportation {@r4}
 f - 3 scrolls of magic mapping
 g - a scroll of remove curse
 h - a scroll of immolation {!r}

Dungeon Overview and Level Annotations

Branches:
Dungeon (5/15)             Temple (1/1) D:4

Altars:
Dithmenos
Pakellas
Yredelemnul
The Shining One

Annotations:
D:4 tyranidshit's ghost, amateur DDNe

+.<.......+....................
▒.........▒▒▒▒...▒▒▒▒▒▒.▒▒▒....
▒▒.......▒▒ ▒...▒ ▒.▒.▒
▒▒.....▒▒ ▒.▒▒▒ ▒.▒▒▒ ▒▒...▒▒
▒(▒ .. . ....▒ ▒.▒ ▒ ▒ ▒.▒.▒
▒.▒ .▒.▒▒▒▒▒▒.▒▒ .......M.▒
.▒▒▒▒▒▒▒.▒ ▒.▒▒ ▒..▒ ▒▒.▒▒ ▒..▒
▒▒▒'▒▒▒ ▒.....▒ ▒.▒ ▒▒▒.⌠.⌠.▒▒▒
..


There were no monsters in sight!


Message History

There is a fountain of clear blue water here!
You open the door!
Tyranidshit's ghost completely misses you!
Found a scroll of remove curse!
There is an open door here!
You see here a scroll of remove curse!
Tyranidshit's ghost says, "Soon you will be my slave!"
Tyranidshit's ghost closely misses you! Tyranidshit's ghost hits you!
You see here a scroll of remove curse!
g - a scroll of remove curse Tyranidshit's ghost closely misses you!
Tyranidshit's ghost closely misses you!
Tyranidshit's ghost screams, "There is no future for me!!!"
There is a stone staircase leading up here!
You climb upwards!
There is a stone staircase leading down here!
There is an escape hatch in the floor here!
You slide downwards!
The hatch slams shut behind you!
Level annotation: tyranidshit's ghost, amateur DDNe You see here 23 bolts!
There is a stone staircase leading down here!
You climb downwards!
You hear the sound of rushing water!
There is an entrance to a sewer on this level!
Hurry and find it before the portal rusts away!!!
There is a stone staircase leading up here!
You climb upwards!
Level annotation: tyranidshit's ghost, amateur DDNe
There is a stone staircase leading down here!
Are you sure you want to abandon this character and quit the game? (Confirm with "yes"!)

Action                   |  1- 3 |  4- 6 || total
-------------------------+-------+-------++-------
Melee: Unarmed           |   178 |   145 ||   323
       Punch             |     2 |     2 ||     4
  Use: Scroll            |       |     7 ||     7
 Stab: Sleeping          |     2 |       ||     2
       Distracted        |       |     1 ||     1
Armor: Skin              |    10 |    20 ||    30
Dodge: Dodged            |   127 |   114 ||   241

Vault maps used:
D:1:      tarquinn_simple_flora_water_f, serial_bayou_ford_a
D:2:      minitemple, feat_on_display
D:4:      kennysheep_little_box, nicolae_ru_great_annihilating_truth,
          minmay_temple_entry_hall
D:5:      grunt_temple_overflow_magic_moments, lemuel_crystal_altar,
          basic_altar, lightli_sewer_entry_pipes, first_bread,
          kennysheep_generic_room_10
Temple:   jpeg_temple_clearing_9

Notes
Turn   | Place    | Note
--------------------------------------------------------------
     0 | D:1      | MistressOfTheDunes the Mummy Monk began the quest for the Orb.
     0 | D:1      | Reached XP level 1. HP: 18/18 MP: 1/1
   277 | D:1      | Reached XP level 2. HP: 11/24 MP: 2/2
  1006 | D:1      | Reached skill level 4 in Unarmed Combat
  1374 | D:1      | Reached XP level 3. HP: 29/29 MP: 3/3
  2177 | D:2      | Found a shadowy altar of Dithmenos.
  2179 | D:2      | Found a glowing golden altar of the Shining One.
  2427 | D:3      | Reached XP level 4. HP: 24/35 MP: 4/4
  3170 | D:3      | Reached skill level 5 in Unarmed Combat
  3531 | D:4      | Noticed an ogre
  3556 | D:4      | Noticed a phantom
  3714 | D:4      | Reached skill level 3 in Dodging
  3714 | D:4      | Reached XP level 5. HP: 36/41 MP: 5/5
  3952 | D:4      | Found an oddly glowing altar of Pakellas.
  3992 | D:4      | Found a staircase to the Ecumenical Temple.
  4089 | D:4      | Noticed tyranidshit's ghost (amateur DDNe)
  4120 | D:4      | HP: 3/41 [tyranidshit's ghost (6)]
  4152 | D:4      | HP: 3/41 [giant gecko (2)]
  4162 | Temple   | Entered the Ecumenical Temple
  4497 | D:5      | Entered Level 5 of the Dungeon
  4500 | D:4      | Quit the game

Vanquished Creatures
  A scorpion (D:4)
  A hound (D:4)
  A worker ant (D:4)
  4 adders
  A worm (D:3)
  A dart slug (D:3)
  5 giant geckos
  9 bats
  2 giant cockroaches (D:1)
  8 goblins
  5 hobgoblins
  10 jackals
  14 kobolds
  4 quokkas
  8 rats
74 creatures vanquished.
